Map: Overgrowth LE (Void)

Players

Naffy

  • Race: Terran Terran
  • League: Master
  • Spawn Location: 1:00

A.I. 2 (Harder) - Winner!

  • Race: Terran Terran
  • Spawn Location: 7:00

VOD

Have the link to the VOD?

Description

Time

  • Played on: Dec. 6, 2016, 2:11 p.m.
  • Length: 8:07
Show
View Real Time Build Order
Export as new Build Order

Naffy Terran 

Build Orders: Reaper Expand, Mech 

Get SALT Encoding   

  12  0:01  SCV  
  13  0:13  SCV  
  14  0:17  Supply Depot  
  14  0:25  SCV  
  15  0:39  SCV  
  15  0:40  Barracks  
  16  0:44  Refinery  
  16  0:51  SCV  
  17  1:03  SCV  
  18  1:15  SCV  
  19  1:27  Orbital Command  
  19  1:29  Reaper  
  20  1:39  Command Center  
  20  1:50  Supply Depot  
  20  1:53  SCV  
  21  2:01  Marine  
  22  2:05  Factory  
  22  2:07  SCV  
  23  2:11  Refinery  
  23  2:19  SCV  
  23  2:22  Barracks Reactor  
  24  2:31  SCV  
  25  2:43  SCV  
  26  2:51  Refinery  
  26  2:52  Orbital Command, Starport  
  26  2:54  Factory Tech Lab  
  26  2:56  SCV  
  27  2:59  Marine x2  
  29  3:08  SCV  
  30  3:17  Marine x2  
  30  3:18  Siege Tank  
  35  3:20  SCV  
  35  3:21  SCV  
  37  3:29  Starport Tech Lab  
  37  3:32  SCV  
  37  3:33  SCV  
  39  3:35  Marine x2  
  41  3:46  SCV x2  
  41  3:47  Supply Depot  
  43  3:48  Raven  
  43  3:52  Supply Depot  
  45  3:56  Marine  
  46  4:08  SCV x2, Marine  
  46  4:09  Siege Tank  
  52  4:15  Supply Depot  
  52  4:21  SCV x2  
  52  4:22  Supply Depot  
  54  4:33  SCV x2  
  56  4:41  Medivac x2  
  56  4:43  Siege Tank  
  56  4:45  SCV x2  
  65  4:52  Supply Depot  
  65  4:55  Refinery  
  65  4:58  SCV x2  
  65  4:59  Command Center  
  67  5:10  Factory  
  67  5:12  Factory  
  67  5:22  SCV x2  
  67  5:23  Siege Tank  
  72  5:28  Barracks Reactor  
  72  5:31  Supply Depot  
  72  5:34  Engineering Bay, SCV x2  
  74  5:46  SCV x2  
  74  5:49  Viking x2  
  80  5:55  Siege Tank, Supply Depot  
  83  5:58  SCV x2  
  85  6:19  SCV x2  
  87  6:30  Orbital Command  
  87  6:31  SCV x2  
  89  6:40  Siege Tank x2  
  89  6:41  Hellion x2, Viking x2  
  89  6:43  SCV  
  89  6:44  SCV  
  89  6:46  Supply Depot  
  105  6:48  Supply Depot  
  105  6:54  Armory  
  105  6:55  Armory  
  105  6:58  SCV x2  
  105  6:59  SCV  
  108  7:06  Refinery  
  108  7:07  Refinery  
  108  7:10  SCV  
  108  7:11  SCV x2  
  108  7:15  Missile Turret  
  111  7:16  Missile Turret  
  111  7:19  Missile Turret  
  111  7:22  Missile Turret  
  111  7:23  Siege Tank x2, SCV x3  
  111  7:24  Hellion  
  111  7:25  Hellion  
  111  7:27  Missile Turret  
  124  7:32  Supply Depot  
  124  7:33  Supply Depot  
  125  7:37  SCV x3  
Show
View Real Time Build Order
Export as new Build Order

A.I. 2 (Harder) Terran - Winner!

Build Orders:  

Get SALT Encoding   

  12  0:00  SCV  
  13  0:13  SCV  
  14  0:19  Supply Depot  
  14  0:25  SCV  
  15  0:40  SCV  
  16  0:43  Barracks  
  16  0:53  SCV  
  17  1:05  SCV  
  18  1:17  Command Center  
  18  1:31  Orbital Command  
  18  1:32  Marine  
  19  1:35  Supply Depot  
  19  1:43  Refinery  
  19  1:49  Marine  
  20  1:57  Barracks, SCV  
  21  2:05  Refinery  
  21  2:09  SCV  
  22  2:23  SCV  
  23  2:35  SCV  
  24  2:40  Factory  
  24  2:42  Supply Depot  
  24  2:45  Barracks Tech Lab  
  24  2:50  Refinery  
  24  2:55  Refinery  
  24  3:05  Marauder, SCV  
  27  3:08  SCV  
  28  3:15  Barracks Tech Lab  
  28  3:17  SCV  
  29  3:21  SCV  
  29  3:26  Hellion  
  32  3:29  SCV  
  32  3:32  Factory  
  32  3:33  SCV  
  34  3:42  SCV  
  34  3:45  SCV  
  36  3:48  Factory Tech Lab, Starport  
  36  3:57  Starport  
  36  4:02  Marine  
  37  4:13  Marine  
  37  4:16  Factory Tech Lab  
  38  4:24  Marauder  
  38  4:26  Starport Tech Lab  
  40  4:33  Starport Tech Lab  
  40  4:35  Reaper  
  41  4:43  Supply Depot, SCV  
  41  4:45  SCV  
  43  4:46  Siege Tank  
  46  4:55  SCV  
  46  4:56  Widow Mine  
  46  4:57  SCV  
  50  5:03  Combat Shields  
  50  5:07  Viking, SCV  
  50  5:09  SCV  
  54  5:15  Engineering Bay  
  54  5:19  SCV  
  55  5:21  SCV  
  55  5:25  Supply Depot  
  56  5:31  SCV  
  56  5:33  SCV  
  56  5:34  Marine  
  59  5:43  SCV  
  59  5:45  Marine  
  59  5:46  SCV  
  59  5:49  Supply Depot  
  61  5:55  SCV  
  61  5:56  Marine  
  63  5:58  SCV  
  63  6:06  Marine  
  63  6:07  SCV  
  63  6:10  SCV  
  41  6:13  Marine  
  25  6:21  SCV  
  25  6:24  Marine  
  19  6:27  SCV  
  19  6:31  Marine  
  20  6:34  SCV  
  19  6:40  SCV  
  19  6:42  Marine  
  19  6:46  SCV  
  20  6:49  Marine  
  20  6:52  SCV  
  20  6:58  SCV  
  20  7:00  Marine  
  21  7:04  SCV  
  21  7:07  Marine  
  20  7:10  SCV  
  18  7:16  SCV  
  18  7:18  Marauder  
  18  7:22  SCV  
  20  7:25  Marine  
  20  7:28  SCV  
  19  7:34  SCV  
  20  7:39  Marine  
  20  7:40  SCV  
  20  7:43  Marine  
  20  7:46  SCV  
Tags
 
Composition
Mech
League
Master
Matchup
TvT
Race
Terran
Spawn Locations
Cross Positions
Add a new tag
Caveats
  • Supply blocks, unpowered buildings, or Contaminate may cause inaccurate times.
  • Supply counts are checked every 10 seconds.